 Dungeon Crawl Stone Soup version 0.29-a0-810-g3812dd5c9c (webtiles) character file.

Game seed: 15694967637992524438

88 ASIMItheHERO the Covered (level 4, -1/29 HPs)
             Began as a Gargoyle Fighter on July 4, 2022.
             Slain by Crazy Yiuf
             ... wielding a +3 quarterstaff of chaos
              (13 damage)
             ... on level 3 of the Dungeon.
             The game lasted 00:07:32 (3017 turns).

ASIMItheHERO the Covered (Gargoyle Fighter)         Turns: 3017, Time: 00:07:33

Health: -1/29      AC: 10    Str: 22    XL:     4   Next: 54%
Magic:  4/4        EV:  9    Int:  8    God:
Gold:   139        SH:  4    Dex:  9    Spells: 3/3 levels left

rFire   . . .      SeeInvis .   a - +0 flail
rCold   . . .      Faith    .   c - +0 buckler
rNeg    + . .      Spirit   .   b - +0 scale mail
rPois   ∞          Reflect  .   (no helmet)
rElec   +          Harm     .   (no cloak)
rCorr   .          Rampage  .   (no gloves)
Will    +....                   (no boots)
Stlth   ..........              (no amulet)
HPRegen 0.09/turn               l - ring of willpower
MPRegen 0.09/turn               (no ring)

@: no status effects
A: sickness immunity, AC +3, negative energy resistance 1, electricity
resistance, torment resistance 1, petrification resistance
a: no special abilities


You were on level 3 of the Dungeon.
You visited 1 branch of the dungeon, and saw 3 of its levels.

You collected 139 gold pieces.

Inventory:

Hand Weapons
 a - a +0 flail (weapon)
Missiles
 i - 44 stones (quivered)
 p - 6 poisoned darts
Armour
 b - a +0 scale mail (worn)
 c - a +0 buckler (worn)
Jewellery
 l - a ring of willpower (left hand)
Scrolls
 e - a scroll of fog {unknown}
 f - 4 scrolls of identify {unknown}
 h - a scroll of acquirement {unknown}
 j - 2 scrolls of teleportation {unknown}
 k - a scroll of magic mapping {unknown}
 m - a scroll of brand weapon {unknown}
 n - a scroll of fear {unknown}
Potions
 d - a potion of might
 g - a potion of berserk rage {unknown}
 o - a potion of flight {unknown}
 q - a potion of curing {unknown}


   Skills:
 * Level 3.6 Fighting
 * Level 3.4 Maces & Flails
 + Level 3.9 Armour
 + Level 0.1 Dodging
 + Level 3.7 Shields


You had 3 spell levels left.
You didn't know any spells.
Your spell library was empty.

Dungeon Overview and Level Annotations

Branches:
Dungeon (3/15)

Altars:
Makhleb

Shops:
D:1 (

Annotations:
D:3 Crazy Yiuf


Innate Abilities, Weirdness & Mutations

You are immune to sickness and miasma.
Your stone body is resilient. (AC +3)
You are immune to poison.
You resist negative energy. (rN+)
You are resistant to electric shocks. (rElec)
You are resistant to unholy torment.
You are immune to petrification.


Message History

Found a robe.
i - 44 stones (gained 8)
Found a quarterstaff.
j - 2 scrolls labelled GEFASHRU KAAL (gained 1)
q - a golden potion A rat comes into view.
The rat bites you but does no damage.
You thump the rat!
You kill the rat!
Found a short sword.
No target in view!
Found a hammer.
Found a runed translucent door.
Crazy Yiuf shouts!
Crazy Yiuf says, "Two rumpyflump turtle!"
Crazy Yiuf says, "Buddy down Orb Guardian!"
Press: ? - help, v - describe, . - travel
Here: Crazy Yiuf, wielding a +3 quarterstaff of chaos and wearing a +0 cloak (fire blocked by a runed translucent door)
The floor.
You open the door. You thump Crazy Yiuf!
Crazy Yiuf is heavily wounded.
Crazy Yiuf sings, "Trees, trees, trees, circus!"
Crazy Yiuf hits you but does no damage.
Crazy Yiuf hits you with a +3 quarterstaff of chaos!
Crazy Yiuf burns you.
You hit Crazy Yiuf.
Crazy Yiuf is severely wounded.
Crazy Yiuf says, "Goldfish song green!"
Crazy Yiuf barely misses you.
You hit Crazy Yiuf but do no damage.
Crazy Yiuf is severely wounded.
Crazy Yiuf hits you with a +3 quarterstaff of chaos!
Crazy Yiuf burns you.
You hit Crazy Yiuf.
Crazy Yiuf is almost dead.
Crazy Yiuf barely misses you.
You closely miss Crazy Yiuf.
Crazy Yiuf is almost dead.
Crazy Yiuf hits you with a +3 quarterstaff of chaos!
You die...

# ##.....##
#.###.###.# ##
##.......#
##.........#
.####.........#
#...##.#.###
....'....######
########.##
.####....# #..# ##
##...# ##.# .# ##..#
### ♣♣###.# .# ##.#
#)..#♣♣ ♣♣.#...# .#
## #...g@♣♣♣♣......#
.# #...#♣..♣......##
.# ### ♣♣♣.♣..#.## .#
####### ♣♣♣♣♣### ##
#.....# ####.##..####
### .†..........# #.#
####.###..#.#######.#
#.# #..>.........#


You could see Crazy Yiuf.

Vanquished Creatures
  Jessica (D:3)
  2 adders
  A worm (D:2)
  2 dart slugs (D:1)
  2 ball pythons (D:1)
  5 endoplasms
  A giant cockroach (D:2)
  3 goblins
  A hobgoblin (D:2)
  2 quokkas (D:3)
  4 bats
  6 frilled lizards
  7 kobolds
  3 rats
40 creatures vanquished.

Notes
Turn   | Place    | Note
-------+----------+-------------------------------------------
     0 | D:1      | ASIMItheHERO the Gargoyle Fighter began the quest for the
                  | Orb.
     0 | D:1      | Reached XP level 1. HP: 14/14 MP: 1/1
   436 | D:1      | Found Iteosid's Antique Weapon Shop.
   457 | D:1      | Reached XP level 2. HP: 9/19 MP: 2/2
  1395 | D:2      | Reached XP level 3. HP: 15/23 MP: 3/3
  1401 | D:2      | HP: 1/23 [worm (8)]
  1726 | D:2      | Found a burning altar of Makhleb.
  2045 | D:2      | Found a faded altar of an unknown god.
  2372 | D:3      | Noticed a scorpion
  2428 | D:3      | Noticed Jessica
  2438 | D:3      | Killed Jessica
  2439 | D:3      | Reached XP level 4. HP: 27/28 MP: 4/4
  3008 | D:3      | Found a runed translucent door.
  3009 | D:3      | Noticed Crazy Yiuf
  3017 | D:3      | Slain by Crazy Yiuf

Illustrated notes

Levels and vault maps discovered:
D:1:      sevenhm_arrival_forest_fort_small_4, layout_loops_ring, serial_shops,
          nicolae_shop_statue_plus, chequers_serial_rivers_room_b
D:2:      layout_loops_cross, basic_ecumenical_altar, basic_altar,
          amcnicky_mini_rare_corridor_liquid, minmay_misc_feat_cross
D:3:      layout_loops_corners, minmay_divided_ellipse, uniq_natasha,
          uniq_jessica, uniq_crazy_yiuf_cottage

Skill      XL: |  1  2  3 |
---------------+----------+-----
Maces & Flails | 3 |  3.4
Fighting       | |  3.6
Armour         | |  3.9
Dodging        | |  0.1
Shields        | |  3.7

Action                   |  1- 3 |  4- 6 || total
-------------------------+-------+-------++-------
Melee: Flail             |   102 |    44 ||   146
Throw: Stone             |     2 |       ||     2
Armor: Scale mail        |    59 |    31 ||    90
Dodge: Dodged            |    43 |    18 ||    61
Block: Buckler           |    15 |     5 ||    20

Table legend: (Time is in decaauts)
 A = Elapsed time spent in this place.
 B = Non-inter-level travel time spent in this place.
 C = Inter-level travel time spent in this place.
 D = Time resting spent in this place.
 E = Time spent auto-exploring this place.
 F = Levels seen in this place.
 G = Mean time per level.
                   A        B        C        D        E       F      G
               +--------+--------+--------+--------+--------+-----+--------+
         Total |   3071 |   2970 |    101 |    771 |   1778 |   3 | 1023.7 |
       Dungeon |   3071 |   2970 |    101 |    771 |   1778 |   3 | 1023.7 |
               +--------+--------+--------+--------+--------+-----+--------+

Top non-repeatable levels by time:
     D:1: 1642 daAuts
     D:2: 726 daAuts
     D:3: 702 daAuts
